 Dungeon Crawl Stone Soup version 0.30-a0-140-gd1020e658a (webtiles) character file.

Game seed: 10764173866154317215

1870 Decritt the Skirmisher (level 8, -3/42 (43) HPs)
             Began as a Spriggan Hunter on Sept 24, 2022.
             Was an Initiate of Fedhas.
             Slain by Maggie
             ... wielding a +0 scimitar of draining
              (11 damage)
             ... on level 6 of the Dungeon.
             The game lasted 00:10:08 (7085 turns).

Decritt the Skirmisher (Spriggan Hunter)            Turns: 7085, Time: 00:10:08

HP:   -3/42 (43)    AC:  5    Str:  7    XL:     8   Next: 90%
MP:   9/9           EV: 23    Int: 11    God:    Fedhas [......]
Gold: 532           SH:  0    Dex: 20    Spells: 7/7 levels left

rFire   + + .      SeeInvis +    n - +3 long sword of Impermanence {spect, rF+ rC+}
rCold   + + .      Faith    .    (no shield)
rNeg    . . .      Spirit   .    c - +0 robe
rPois   .          Reflect  .    (helmet restricted)
rElec   .          Harm     .    D - +2 cloak
rCorr   .          Rampage  .    (gloves unavailable)
Will    +....                    (boots unavailable)
Stlth   ++........               (no amulet)
HPRegen 0.14/turn                h - ring of protection from fire
MPRegen 0.11/turn                x - ring of protection from cold

@: mesmerised, lightly drained, very quick
A: very small, no large weapons, unfitting armour, see invisible, speed 3
a: Renounce Religion


You were on level 6 of the Dungeon.
You worshipped Fedhas.
Fedhas was noncommittal.
You visited 2 branches of the dungeon, and saw 8 of its levels.

You collected 532 gold pieces.

Inventory:

Hand Weapons
 a - a +0 shortbow
 n - the +3 long sword of Impermanence (weapon) {spect, rF+ rC+}
   (You found it on level 2 of the Dungeon)

   When its wielder attacks, the weapon's spirit leaps out and strikes again.
   The spirit shares a part of any damage it takes with its wielder.
   rF:        It protects you from fire.
   rC:        It protects you from cold.
Armour
 c - a +0 robe (worn)
 o - a +0 cloak
 D - a +2 cloak (worn)
Jewellery
 h - a ring of protection from fire (left hand)
 q - a ring of resist corrosion
 v - a +6 ring of intelligence
 w - a ring of ice
 x - a ring of protection from cold (right hand)
 E - an amulet of magic regeneration
Wands
 r - a wand of flame (35)
 B - a wand of roots (5)
Scrolls
 b - a scroll of immolation
 e - 2 scrolls of magic mapping {unknown}
 f - 2 scrolls of butterflies
 k - 4 scrolls of noise
 l - a scroll of enchant armour {unknown}
 m - 2 scrolls of summoning
 p - 2 scrolls of enchant weapon {unknown}
 u - a scroll of silence {unknown}
 y - a scroll of poison {unknown}
 A - a scroll of fear {unknown}
 C - a scroll of blinking {unknown}
 G - 3 scrolls of amnesia {unknown}
 H - a scroll of acquirement {unknown}
Potions
 d - a potion of lignification {unknown}
 g - a potion of attraction {unknown}
 i - 3 potions of mutation
 j - a potion of degeneration {unknown}
 s - 2 potions of heal wounds
 t - a potion of might
 z - a potion of resistance {unknown}
 F - a potion of brilliance {unknown}


   Skills:
 + Level 5.0 Fighting
 * Level 9.2 Ranged Weapons
 + Level 8.0 Dodging
 - Level 1.5 Stealth


You had 7 spell levels left.
You didn't know any spells.
Your spell library contained the following spells:

 Spells                   Type           Power      Damage    Failure   Level
 Apportation              Tloc           0%         N/A       34%         1
 Foxfire                  Conj/Fire      0%         2x1d4     34%         1
 Freeze                   Ice            0%         1d3       34%         1
 Necrotise                Necr           0%         1d4       34%         1
 Summon Small Mammal      Summ           0%         N/A       34%         1
 Frozen Ramparts          Ice            0%         1d1       71%         3
 Inner Flame              Hex/Fire       0%         N/A       71%         3
 Kindle Blastsparks       Fire/Tloc/Air  0%         2d10      71%         3
 Flame Wave               Conj/Fire      0%         2d4       98%         4
 Hailstorm                Conj/Ice       0%         3d3       98%         4


Dungeon Overview and Level Annotations

Branches:
Dungeon (7/15)             Temple (1/1) D:5

Altars:
Ashenzari
Elyvilon
Fedhas
Gozag
Hepliaklqana
Kikubaaqudgha
Makhleb
Nemelex Xobeh
Okawaru
Qazlal
Ru
Sif Muna
Trog
Uskayaw
Vehumet
Wu Jian
Yredelemnul

Shops:
D:3 *(

Annotations:
D:6 Maggie


Innate Abilities, Weirdness & Mutations

You are very small and have problems with some larger weapons.
You are too small for most types of armour.
You have supernaturally acute eyesight. (SInv)
You cover ground extremely quickly. (Speed+++)


Message History

The wyvern completely misses you. The wyvern bites you.
Maggie casts a spell.
Maggie attempts to bespell you! You resist.
You barely miss the wyvern.
The wyvern is heavily wounded.
Your +3 long sword of Impermanence {spect, rF+ rC+} hits the wyvern!
The wyvern completely misses you. The wyvern bites you!
* * * LOW HITPOINT WARNING * * *
The wyvern completely misses you.
The orc priest invokes the aid of Beogh against you.
You resist with some effort.
Maggie hits you with a +0 scimitar of draining.
* * * LOW HITPOINT WARNING * * *
You feel drained. The wyvern completely misses you.
You climb upwards.
There is a stone staircase leading down here.
You hit the wyvern but do no damage.
The wyvern is almost dead.
The wyvern misses you. Maggie barely misses you.
The wyvern completely misses you. Maggie closely misses you.
You hit the wyvern.
The wyvern is almost dead.
The wyvern barely misses you.
Maggie gestures wildly while chanting.
Maggie attempts to bespell you!
You are mesmerised by Maggie!
The wyvern barely misses you.
You barely miss the wyvern.
The wyvern is almost dead.
The wyvern completely misses you.
Maggie gives herself a magical halo, but it quickly sputters out.
Maggie barely misses you. The wyvern completely misses you.
Unknown command.
You hit the wyvern but do no damage.
The wyvern is almost dead.
The wyvern closely misses you. Maggie barely misses you. The wyvern bites you!
* * * LOW HITPOINT WARNING * * *
Maggie hits you with a +0 scimitar of draining!
You die...
Fedhas appreciates your contribution to the ecosystem.

################ #........[......
#............... #..#############
###########..#...........#
#.......l@#..#.####.####.#
#.#######@#..#.[..#.#....# #.#
##.....####.#.#.#### #.#
#.###.......#.#...). #.# #.#
#.)######.###### #.#
#.###...............
########.######<.......#.#.####..
.........>..[..........#....###..
.#######.########......#.#..##...


You could see Maggie (mesmerising) and a wyvern.

Vanquished Creatures
  Sigmund (D:6)
  Menkaure (D:5)
  A water moccasin (D:6)
  Duvessa (D:6)
  2 black bears (D:5)
  2 ogres
  3 centaurs
  A kobold brigand (D:6)
  A necrophage (D:4)
  A scorpion (D:5)
  Dowan (D:6)
  A howler monkey (D:5)
  5 hounds
  A jelly (D:6)
  Crazy Yiuf (D:5)
  An iguana (D:6)
  Terence (D:3)
  An orc wizard (D:5)
  13 adders
  A white imp (D:5)
  3 ufetubi
  2 worms
  3 dart slugs (D:4)
  11 orcs
  9 endoplasms
  12 goblins
  4 hobgoblins
  2 jackals (D:4)
  7 kobolds
  A ball python (D:4)
  4 bats
  16 frilled lizards
  3 rats (D:2)
117 creatures vanquished.

Vanquished Creatures (others)
  2 plants (D:5)
  A withered plant (D:1)
3 creatures vanquished.

Grand Total: 120 creatures vanquished

Notes
Turn   | Place    | Note
-------+----------+-------------------------------------------
     0 | D:1      | Decritt the Spriggan Hunter began the quest for the Orb.
     0 | D:1      | Reached XP level 1. HP: 10/10 MP: 2/2
   151 | D:1      | Reached XP level 2. HP: 15/15 MP: 3/3
   475 | D:1      | Found a faded altar of an unknown god.
  1007 | D:2      | Reached XP level 3. HP: 18/18 MP: 4/4
  1275 | D:2      | Reached XP level 4. HP: 23/23 MP: 5/5
  1342 | D:2      | Reached skill level 5 in Ranged Weapons
  1404 | D:2      | Identified the +3 long sword of Impermanence {spect, rF+
                  | rC+}
  1891 | D:3      | Found Sure's Antique Weapon Shoppe.
  2059 | D:3      | Found Kucerchy's Assorted Antiques.
  2149 | D:3      | Noticed Terence
  2157 | D:3      | Killed Terence
  2544 | D:3      | Reached XP level 5. HP: 27/27 MP: 6/6
  2695 | D:4      | Noticed a centaur
  2698 | D:4      | Found a shimmering blue altar of Sif Muna.
  2703 | D:4      | Killed a centaur
  3014 | D:4      | Reached XP level 6. HP: 32/32 MP: 7/7
  3107 | D:4      | Reached skill level 6 in Ranged Weapons
  3341 | D:5      | Entered Level 5 of the Dungeon
  3374 | D:5      | Reached skill level 5 in Dodging
  3414 | D:5      | Reached XP level 7. HP: 32/36 MP: 8/8
  3676 | D:5      | Found a broken altar of Ashenzari.
  3763 | D:5      | Noticed Menkaure
  3769 | D:5      | Killed Menkaure
  3770 | D:5      | Reached skill level 7 in Ranged Weapons
  4078 | D:5      | Found a hazy altar of Hepliaklqana.
  4079 | D:5      | Found a faded altar of an unknown god.
  4185 | D:5      | Reached XP level 8. HP: 42/42 MP: 9/9
  4284 | D:5      | Found a staircase to the Ecumenical Temple.
  4297 | Temple   | Entered the Ecumenical Temple
  4775 | Temple   | Became a worshipper of Fedhas Madash
  4878 | D:5      | Found a runed translucent door.
  4879 | D:5      | Noticed Crazy Yiuf
  4892 | D:5      | Killed Crazy Yiuf
  4912 | D:5      | Identified the +4 hammer "Waptun" {freeze, Fragile rN+
                  | SInv}
  5203 | D:6      | Noticed Duvessa
  5205 | D:6      | Noticed Dowan
  5379 | D:6      | Killed Duvessa
  5380 | D:6      | Reached skill level 8 in Ranged Weapons
  5396 | D:6      | Killed Dowan
  5735 | D:6      | Noticed Sigmund
  5745 | D:6      | Killed Sigmund
  5892 | D:6      | Found a basalt altar of Yredelemnul.
  5894 | D:6      | Found an ancient bone altar of Kikubaaqudgha.
  6348 | D:6      | Reached skill level 9 in Ranged Weapons
  6675 | D:7      | Noticed Maggie
  6946 | D:6      | Reached skill level 5 in Fighting
  7085 | D:6      | Slain by Maggie

Illustrated notes

Levels and vault maps discovered:
D:1:      psy_arrival_terrarium, layout_basic,
          shapermc_ecumenical_altar_flowoftime, minmay_lizard_pond
D:2:      layout_rooms, minmay_strange_pillars
D:3:      minmay_wonky_spiral, layout_rooms, serial_shops, shop_statue, shop,
          uniq_terence
D:4:      layout_basic, mainiacjoe_overflow_boulevard, serial_rivers,
          chequers_serial_rivers_micro_e, chequers_serial_rivers_marsh,
          chequers_serial_rivers_small_a, chequers_serial_rivers_micro_a,
          chequers_serial_rivers_marsh
D:5:      layout_loops_ring, beargit_hepliaklqana_dungeon_heroes,
          ashenzari_conservatory_becter, minmay_temple_entry_drinking_statues,
          serial_bayou, serial_bayou_pond_b, serial_bayou_ford_a,
          serial_bayou_lagoon_b, serial_bayou_shore_a, uniq_menkaure,
          uniq_crazy_yiuf_cottage
D:6:      layout_loops_ring, nicolae_overflow_hidden_temple, roderic_lattice_a,
          uniq_duvessa, uniq_sigmund
D:7:      layout_loops_ring, lemuel_tele_altar, mainiacjoe_overflow_catwalk,
          enter_ossuary_2, guppyfry_shop_venom, uniq_maggie
Temple:   minmay_temple_forest_path

Skill      XL: |  1  2  3  4  5  6  7  8 |
---------------+-------------------------+-----
Dodging        | 3 4 5 6 8 |  8.0
Fighting       | 2 3 4 5 |  5.0
Ranged Weapons | 5 6 7 9 |  9.2
Stealth        | |  1.5

Action                   |  1- 3 |  4- 6 |  7- 9 || total
-------------------------+-------+-------+-------++-------
Melee: Long sword        |       |    58 |    81 ||   139
       Punch             |       |     1 |     1 ||     2
 Fire: Shortbow          |   102 |    14 |       ||   116
  Use: Scroll            |       |       |     5 ||     5
 Stab: Sleeping          |       |     8 |     2 ||    10
       Distracted        |       |       |     1 ||     1
Armor: Robe              |     5 |     2 |     8 ||    15
Dodge: Dodged            |    47 |    60 |    98 ||   205

Table legend: (Time is in decaauts)
 A = Elapsed time spent in this place.
 B = Non-inter-level travel time spent in this place.
 C = Inter-level travel time spent in this place.
 D = Time resting spent in this place.
 E = Time spent auto-exploring this place.
 F = Levels seen in this place.
 G = Mean time per level.
                   A        B        C        D        E       F      G
               +--------+--------+--------+--------+--------+-----+--------+
         Total |   5697 |   5556 |    141 |   2218 |   2550 |   8 |  712.1 |
       Dungeon |   5303 |   5201 |    102 |   2018 |   2405 |   7 |  757.6 |
        Temple |    394 |    356 |     38 |    200 |    145 |   1 |  394.0 |
               +--------+--------+--------+--------+--------+-----+--------+

Top non-repeatable levels by time:
     D:6: 1503 daAuts
     D:5: 1096 daAuts
     D:3: 852 daAuts
     D:1: 803 daAuts
     D:4: 561 daAuts
     D:2: 472 daAuts
  Temple: 394 daAuts
     D:7: 13 daAuts
